[Event "NJSK 2023 Jeugd C"]
[Site "Almelo, Netherlands"]
[Date "2023.05.04"]
[Round "6.3"]
[White "Kurt, Sascha"]
[Black "Roolvink, William"]
[Result "1/2-1/2"]
[TimeControl "90min/40moves + 30min + 30sec/move"]
[WhiteElo "1894"]
[BlackElo "1852"]

1. e4 c6 2. d4 d5 3. Nc3 dxe4 4. Nxe4 Nf6 5. Nxf6+ exf6 6. c3 Bd6 7. Bd3 O-O 8. Qc2 Re8+ 9.
Ne2 h5 10. O-O Nd7 11. Be3 h4 12. h3 Nf8 13. Rad1 Be6 14. c4 Rc8 15. Nf4 Bb8 16. Ne2 Qd7 17. Bf4 Ng6 18. Bxb8 Rxb8 19.
Kh2 Ne7 20. Be4 Bf5 21. Bxf5 Qxf5 22. Qxf5 Nxf5 23. Nc3 Nd6 24. b3 Ne4 25. Nxe4 Rxe4 26. Rfe1 Rbe8 27. Rxe4 Rxe4 28. Rd2 Kf8 29.
g3 Ke7 30. Kg2 f5 31. f3 Re6 32. gxh4 f4 33. h5 f5 34. d5 cxd5 35. cxd5 Rh6 36. Rd4 Rxh5 37. Rxf4 Kd6 38. Rd4 g5 39. Kg3 Rh7 40. Rd2 Rh4 41. a3 Rh7 42. Rd3 Rh4 43. Rd1 Rh7 44. Rd4 Rh8 45. f4 gxf4+ 46. Rxf4 Rh5 47.
Rd4 Ke5 48. Rd1 Kd6 49. Rd3 Rg5+ 50. Kf4 Rh5 51. b4 b5 52. Kg3 Rg5+ 53. Kf3 Rh5 54. Kf4 a6 55. Kg3 Rh8 56. h4 Rh7 57.
Rd1 Rh5 58. Rd2 Rh8 59. Rh2 Rh5 60. Rd2 Rh8 61. Kh3 Rh5 62. Rg2 Kxd5 63. Rg5 Rxg5 64. hxg5 Ke5 65. Kh4 f4 66. Kg4 Ke4 67.
g6 f3 68. g7 f2 69. g8=Q f1=Q 70. Qe6+ Kd4 71. Qxa6 Qg2 72. Kf5 Qh3+ 73. Kg6 Qg4+ 74. Kf7 Qd7+ 75. Kf6 Qd8+ 76. Ke6 Qe8+ 77.
Kf6 Qd8+ 78. Kf5 Qf8+ 79. Kg4 Qg8 80. Kf3 Qd5+ 1/2-1/2

[Event "NJSK 2023 Jeugd C"]
[Site "Almelo, Netherlands"]
[Date "2023.05.04"]
[Round "6.4"]
[White "Krylov, Philippe"]
[Black "Aravindhan, Achyuth"]
[Result "1-0"]
[TimeControl "90min/40moves + 30min + 30sec/move"]
[WhiteElo "1858"]
[BlackElo "1833"]

1. d4 Nf6 2. c4 g6 3. Nc3 Bg7 4. Nf3 O-O 5. Bf4 d6 6. e3 Nbd7 7. Be2 e5 8. dxe5 dxe5 9. Nxe5 Nh5 10.
Bxh5 Nxe5 11. Be2 Be6 12. Bxe5 Bxe5 13. Qxd8 Raxd8 14. Rd1 Bxc3+ 15. bxc3 c5 16. O-O b6 17. f3 Kg7 18. Kf2 Kf6 19.
e4 Ke7 20. f4 h5 21. Ke3 f5 22. e5 Rxd1 23. Rxd1 Rd8 24. Rxd8 Kxd8 25. Kd3 Kd7 26. Bf3 Ke7 27. Bd5 Kd7 28.
Ke3 Ke7 29. Bxe6 Kxe6 30. Kf3 Ke7 31.
Kg3 Ke6 32. Kh4 a6 33. a4 Ke7 34. Kg5 Kf7 35. g3 a5 36. h3 Kg7 37. e6 Kf8 38. Kf6 Ke8 39. h4 Kf8 40. e7+ Ke8 41.
Ke6 1-0

[Event "NJSK 2023 Jeugd C"]
[Site "Almelo, Netherlands"]
[Date "2023.05.04"]
[Round "6.5"]
[White "Zecha, Oscar"]
[Black "Zhu, Chenwu"]
[Result "1/2-1/2"]
[TimeControl "90min/40moves + 30min + 30sec/move"]
[WhiteElo "1879"]
[BlackElo "2052"]

1. d4 d5 2. c4 e6 3. Nf3 Nf6 4. g3 c5 5. cxd5 Nxd5 6. Bg2 cxd4 7. O-O Bc5 8. a3 O-O 9. b4 Be7 10.
Bb2 Bd7 11. Nxd4 Nc6 12. Qb3 Bf6 13. Rd1 Nxd4 14. Bxd4 Bxd4 15. Rxd4 Qb6 16. e3 Bc6 17. Nd2 Nf6 18. Nc4 Qc7 19.
Bxc6 Qxc6 20. Rad1 Qc7 21. Qd3 Rac8 22. Nd6 Ra8 23. Nb5 Qe5 24. Rc1 b6 25. Rc7 a6 26. Nd6 Nd5 27. Rc6 b5 28.
e4 Ne7 29. Rc7 Nd5 30. Rxf7 Qxd6 31. Rxf8+ Rxf8 32. exd5 exd5 33. Rxd5 Qf6 34. Qe3 h6 35. Rd4 Kh8 36. Kg2 Qc6+ 37.
Qe4 1/2-1/2

[Event "NJSK 2023 Jeugd C"]
[Site "Almelo, Netherlands"]
[Date "2023.05.04"]
[Round "6.6"]
[White "Van Batenburg, Mees"]
[Black "Lopes, Samuel"]
[Result "1-0"]
[TimeControl "90min/40moves + 30min + 30sec/move"]
[WhiteElo "2054"]
[BlackElo "1865"]

1. e4 c5 2. b4 cxb4 3. a3 e6 4. d4 d5 5. e5 Bd7 6. axb4 Bxb4+ 7. c3 Bf8 8. Bd3 Ne7 9. Ne2 Ng6 10.
O-O Be7 11. f4 O-O 12. Na3 a6 13. Ng3 f5 14. exf6 Rxf6 15. f5 exf5 16. Nxf5 Bxf5 17. Bxf5 Nh4 18. Bd3 Rxf1+ 19. Qxf1 Nd7 20. Nc2 Ng6 21. Qf5 Nf6 22. Ne3 Qc8 23. Nxd5 Nxd5 24. Qxd5+ Kh8 25.
Bd2 Rb8 26. Re1 Bf6 27. Bxg6 hxg6 28. Re3 Qg4 29. Rh3+ Bh4 30. Qf3 Qxf3 31. gxf3 a5 32. Rxh4+ Kg8 33. Re4 b5 34. Re1 Rd8 35.
Be3 Rc8 36. Rc1 Kf7 37. Kf2 Ke6 38. Ke2 Kd5 39. Kd3 Rf8 40. f4 Rh8 41. Rc2 Rh3 42. Rb2 Kc6 43. Ke4 Rh5 44. Rd2 Rd5 45.
Rg2 Rd6 46. d5+ Kd7 47. Rb2 Ra6 48. Rxb5 a4 49. Rb2 a3 50. Ra2 Kd6 51. c4 Ra4 52. Kd4 Ra5 53. Bd2 Ra4 54. Rxa3 1-0

[Event "NJSK 2023 Jeugd C"]
[Site "Almelo, Netherlands"]
[Date "2023.05.04"]
[Round "6.7"]
[White "Terlouw, Wouter"]
[Black "Vijver, Jonathan"]
[Result "1/2-1/2"]
[TimeControl "90min/40moves + 30min + 30sec/move"]
[WhiteElo "1923"]
[BlackElo "1781"]

1. c4 f5 2. d4 Nf6 3. Nc3 g6 4. h4 Bg7 5. h5 d6 6. h6 Bf8 7. Bg5 Nc6 8. f3 e6 9. e4 Be7 10.
Nge2 O-O 11. Be3 a6 12. exf5 exf5 13. d5 Ne5 14. Nd4 Bd7 15. Qd2 c5 16. Nc2 Rb8 17. Bf4 Qe8 18. Ne3 Nf7 19.
Be2 b5 20. Kf1 bxc4 21. Nxc4 Qc8 22. Re1 Re8 23. Bd3 Bf8 24. Kf2 Rxe1 25. Rxe1 Nh5 26. Rh1 Nxf4 27. Qxf4 Qd8 28. g4 fxg4 29.
fxg4 Qg5 1/2-1/2

[Event "NJSK 2023 Jeugd C"]
[Site "Almelo, Netherlands"]
[Date "2023.05.04"]
[Round "6.8"]
[White "Kazarjan, Gachatur"]
[Black "Chua, Ethan"]
[Result "1/2-1/2"]
[TimeControl "90min/40moves + 30min + 30sec/move"]
[WhiteElo "1872"]
[BlackElo "1776"]

1. e4 c6 2. d4 d5 3. exd5 cxd5 4. c4 Nf6 5. Nc3 e6 6. c5 Nc6 7. Bb5 Bd7 8. Nf3 a6 9. Bxc6 Bxc6 10.
Ne5 Be7 11. b4 Nd7 12. f4 Nxe5 13. fxe5 O-O 14. O-O f5 15. Be3 Qe8 16. Rf2 a5 17. a3 axb4 18. axb4 Rxa1 19. Qxa1 g5 20.
Qa2 f4 21. Bc1 Qh5 22. b5 Be8 23. Qa8 f3 24. Qxb7 fxg2 25. Qxe7 Rxf2 26. Kxf2 g1=Q+ 27. Kxg1 Qg4+ 28. Kf2 Qh4+ 29. Ke2 Bh5+ 1/2-1/2

[Event "NJSK 2023 Jeugd C"]
[Site "Almelo, Netherlands"]
[Date "2023.05.04"]
[Round "6.9"]
[White "Ten Kate, Gustav"]
[Black "Katpatal, Akshaj"]
[Result "0-1"]
[TimeControl "90min/40moves + 30min + 30sec/move"]
[WhiteElo "1815"]
[BlackElo "1840"]

1. d4 e6 2. c4 Nf6 3. Nf3 d5 4. g3 c6 5. Bg2 Bd6 6. O-O Nbd7 7. Qc2 O-O 8. Nbd2 Re8 9. e4 dxe4 10.
Nxe4 Nxe4 11. Qxe4 Nf6 12. Qe2 Nd7 13. Rd1 Qe7 14. Ne5 f6 15. Nxd7 Bxd7 16. f4 Rad8 17. Bd2 Bc8 18. Bc3 Qc7 19.
Re1 Bd7 20. Rad1 c5 21. dxc5 Bxc5+ 22. Kh1 Bc6 23. Rxd8 Qxd8 24. Bxc6 bxc6 25. Rd1 Qe7 26. Qe4 Qc7 27. b4 Bf8 28.
Qd4 c5 29. bxc5 Bxc5 30. Qd7 Qb8 31. Qb5 Qa8+ 32. Rd5 exd5 33. Qxc5 d4+ 34. Kg1 dxc3 35. Qd4 c2 36. Qd5+ Qxd5 37.
cxd5 c1=Q+ 38. Kg2 Qd2+ 39. Kh3 f5 40. d6 Re2 41. Kh4 h6 42. Kh5 Kh7 43. h4 g6# 0-1

[Event "NJSK 2023 Jeugd C"]
[Site "Almelo, Netherlands"]
[Date "2023.05.04"]
[Round "6.10"]
[White "Ambrona Navarro, Himar"]
[Black "Thijssen, Freek"]
[Result "1/2-1/2"]
[TimeControl "90min/40moves + 30min + 30sec/move"]
[WhiteElo "1834"]
[BlackElo "1644"]

1. d4 d5 2. c4 c6 3. cxd5 cxd5 4. Bf4 Nf6 5. e3 e6 6. Nc3 Bd6 7. Bg3 O-O 8. Bd3 Nc6 9. Nf3 Qe7 10.
Bxd6 Qxd6 11. O-O Bd7 12. a3 Rac8 13. Rc1 Na5 14. Ne5 Nc4 15. Nxc4 dxc4 16. Ne4 Nxe4 17. Bxe4 Bc6 18. Bxc6 Qxc6 19.
Qe2 b5 1/2-1/2

[Event "NJSK 2023 Jeugd C"]
[Site "Almelo, Netherlands"]
[Date "2023.05.04"]
[Round "6.11"]
[White "Etienne, Ghilon"]
[Black "Fallaux, Storm"]
[Result "0-1"]
[TimeControl "90min/40moves + 30min + 30sec/move"]
[WhiteElo "1673"]
[BlackElo "1650"]

1. d4 Nf6 2. c4 e6 3. Nf3 b6 4. g3 Bb7 5. Bg2 Be7 6. O-O O-O 7. Nc3 d5 8. e3 c5 9. b3 dxc4 10.
bxc4 cxd4 11. exd4 Qc7 12. Qb3 Nc6 13. Bf4 Qc8 14. Ne5 Nxd4 15. Qb2 Bxg2 16. Kxg2 Qb7+ 17. f3 Nc6 18. Nd3 Na5 19.
Ne5 Nh5 20. Qe2 Nxf4+ 21. gxf4 Bf6 22. Rac1 Rac8 23. Ne4 Bxe5 24. fxe5 Rc6 25. Kh1 Qc7 26. Nd6 Nb7 27. Nb5 Qb8 28.
f4 Rd8 29. Rg1 a6 30. Qg2 g6 31. Qxc6 axb5 32. cxb5 Nc5 33. Qf3 Rd2 34. Rg2 Qd8 35. Rcg1 Kg7 36. Qe3 Rd3 37. Qc1 Qd7 38.
Qc4 h6 39. a4 Rd4 40. Qc2 Qd5 41. f5 g5 42. f6+ Kh8 43. Qe2 Rh4 44. Qd1 Qb7 45. Qd8+ Kh7 46. Qf8 Kg6 47. a5 Ne4 48.
Re1 Nf2+ 49. Kg1 Nh3+ 50. Kh1 Nf4 51. Qg7+ Kh5 52. Reg1 bxa5 53. Qh7 Nxg2 54. Rxg2 Rg4 55. Qc2 Rxg2 56.
Qxg2 Qxb5 57. Qf3+ g4 58. Qf2 Qd5+ 59. Kg1 Qd1+ 0-1

[Event "NJSK 2023 Jeugd C"]
[Site "Almelo, Netherlands"]
[Date "2023.05.04"]
[Round "6.12"]
[White "Rooijakkers, Liam"]
[Black "Roorda, Cas"]
[Result "0-1"]
[TimeControl "90min/40moves + 30min + 30sec/move"]
[WhiteElo "1322"]
[BlackElo "1769"]

1. e4 e6 2. d4 d5 3. Nc3 Bb4 4. e5 c5 5. a3 Bxc3+ 6. bxc3 Ne7 7. Qg4 Qc7 8. Qxg7 Rg8 9. Qxh7 cxd4 10.
Ne2 Nbc6 11. f4 dxc3 12. Be3 Bd7 13. h3 O-O-O 14. g4 d4 15. Bf2 Qb6 16. Nc1 Qb2 17. Nb3 Na5 18. Qd3 Nxb3 19.
Rd1 Bc6 20. Rg1 Nd2 21. Be2 Be4 0-1

[Event "NJSK 2023 Jeugd C"]
[Site "Almelo, Netherlands"]
[Date "2023.05.04"]
[Round "6.13"]
[White "Frederiks, Jesse"]
[Black "Wortman, Rawi"]
[Result "0-1"]
[TimeControl "90min/40moves + 30min + 30sec/move"]
[WhiteElo "1510"]
[BlackElo "1668"]

1. d4 Nf6 2. c4 e6 3. Nc3 Bb4 4. Nf3 O-O 5. Bg5 h6 6. Bh4 d5 7. e3 Nbd7 8. a3 Be7 9. Bd3 b6 10. cxd5 exd5 11. O-O Bb7 12. Rc1 Ne4 13. Bxe7 Qxe7 14.
Bxe4 dxe4 15. Nd2 Nf6 16. Qb3 Rfd8 17. Rfd1 Rac8 18. Nf1 g6 19. Ng3 h5 20. Nge2 Kg7 21. Rc2 Rh8 22. h3 h4 23.
d5 g5 24. Nd4 Qe5 25. Kf1 g4 26. hxg4 Nxg4 27. Ke1 Ba6 28. Kd2 Nxf2 29. Re1 Nd3 30. Rf1 Nc5 31. Rxf7+ Kxf7 32. Qa2 Ke8 33.
Nc6 Qg3 34. Nd4 Qxg2+ 35. Nce2 Bxe2 36. Nxe2 h3 37. d6 Qg8 38. Qb1 Qd5+ 39. Nd4 cxd6 40. Rxc5 dxc5 41. Qg1 Rg8 42. Qh2 Rg2+ 43.
Qxg2 hxg2 44. b4 cxd4 45. a4 dxe3+ 46. Kxe3 g1=Q+ 47. Kf4 Qf1+ 48. Kg4 Qg8+ 49. Kh4 Qh1# 0-1

[Event "NJSK 2023 Jeugd C"]
[Site "Almelo, Netherlands"]
[Date "2023.05.04"]
[Round "6.14"]
[White "Verwer, Oscar"]
[Black "Zootjes, Aäron"]
[Result "1-0"]
[TimeControl "90min/40moves + 30min + 30sec/move"]
[WhiteElo "1549"]
[BlackElo "1172"]

1. e4 c5 2. d4 cxd4 3. c3 dxc3 4. Nxc3 Nc6 5. Nf3 e6 6. Bc4 Qc7 7. O-O Nf6 8. Nb5 Qb8 9. e5 Nxe5 10.
Nxe5 Qxe5 11. Re1 Qb8 12. Qd4 d6 13. Bf4 Kd7 14. Rad1 Ne8 15. Qe5 Kd8 16. Bg3 Bd7 17. Qf4 a6 18.
Nd4 Qc8 19. Qxf7 Qxc4 20. Bh4+ Nf6 21. Bxf6+ gxf6 22. Qxf6+ 1-0

[Event "NJSK 2023 Jeugd C"]
[Site "Almelo, Netherlands"]
[Date "2023.05.04"]
[Round "6.15"]
[White "De Wit, Evan"]
[Black "Klein Tuente, Sam"]
[Result "0-1"]
[TimeControl "90min/40moves + 30min + 30sec/move"]
[WhiteElo "1563"]
[BlackElo "1478"]

1. e4 c5 2. Nf3 Nc6 3. d4 cxd4 4. Nxd4 Nf6 5. Nc3 e6 6. a3 a6 7. Be3 Be7 8. Be2 d5 9. exd5 exd5 10.
Bf3 Be6 11. h3 h6 12. Qd2 Ne5 13. Be2 Qc7 14. f4 Nc4 15. Bxc4 dxc4 16. O-O-O Bd5 17. Rhg1 O-O-O 18. Qf2 Bc5 19.
Qh4 Rhe8 20. Bf2 Qa5 21. Be1 Bxa3 22. Nxd5 Bxb2+ 23. Kxb2 Qxd5 24. Qg3 Qc5 25. Qa3 Qxa3+ 26. Kxa3 Re4 27.
c3 Rxf4 28. Bg3 Re4 29. Kb4 Nd5+ 30. Kxc4 Ne3+ 31. Kd3 Nxd1 32. Kxe4 Nxc3+ 33. Kd3 Rxd4+ 34. Kxc3 Re4 35. Kd3 Ra4 36.
Be5 f6 37. Bd6 Ra5 38. Rc1+ Kd7 39. Bf8 Rg5 40. g4 f5 41. Rb1 fxg4 42. hxg4 Kc6 43. Rc1+ Kb6 44. Rb1+ Ka7 45. Rb4 b5 46.
Rf4 Kb6 47. Ke4 a5 48. Be7 Rg6 49. Kf5 Rc6 50. Ke5 b4 51. Kd4 Kb5 52. Rf5+ Ka4 53. Rf1 Kb3 54. Bc5 Ka2 55. Rf2+ Kb3 56.
Rf3+ Ka4 57. Kc4 b3 58. Rf1 b2 59. Rb1 Rxc5 60. Kxc5 Kb3 61. Kb5 a4 62. Rh1 a3 63. Rh3+ Ka2 64.
Ka4 b1=Q 65. Rxa3+ Kb2 66. Rb3+ Kc2 67. Rxb1 Kxb1 68. Kb3 Kc1 69. Kc3 Kd1 70. Kd3 Ke1 71. Ke3 Kf1 72. Kf3 Kg1 73.
Kg3 g5 0-1

[Event "NJSK 2023 Jeugd C"]
[Site "Almelo, Netherlands"]
[Date "2023.05.04"]
[Round "7.1"]
[White "Kurt, Sascha"]
[Black "Arnold, Rhys"]
[Result "1/2-1/2"]
[TimeControl "90min/40moves + 30min + 30sec/move"]
[WhiteElo "1894"]
[BlackElo "2003"]

1. e4 c5 2. Nf3 Nc6 3. d4 cxd4 4. Nxd4 Nf6 5. Nc3 e5 6. Ndb5 d6 7. Bg5 a6 8. Na3 b5 9. Nd5 Be7 10.
Bxf6 Bxf6 11. c4 b4 12. Nc2 O-O 13. g3 a5 14. Bg2 Bg5 15. O-O Bb7 16. Qd3 Ne7 17. Nde3 Qb6 18. Rfd1 Rfd8 19.
b3 Qc5 20. h4 Bxe3 21. Qxe3 Nc6 22. Rd3 a4 1/2-1/2

[Event "NJSK 2023 Jeugd C"]
[Site "Almelo, Netherlands"]
[Date "2023.05.04"]
[Round "7.2"]
[White "Groenewoud, Joel"]
[Black "Madularea, David"]
[Result "1/2-1/2"]
[TimeControl "90min/40moves + 30min + 30sec/move"]
[WhiteElo "1990"]
[BlackElo "1895"]

1. e4 c5 2. Nf3 d6 3. d4 cxd4 4. Nxd4 Nf6 5. Nc3 a6 6. f3 e6 7. g4 h6 8. Be3 b5 9. a3 Nbd7 10.
Qd2 Bb7 11. O-O-O Rc8 12. h4 d5 13. exd5 Nxd5 14. Nxd5 Bxd5 15. Be2 Ne5 16. Kb1 Bd6 17. h5 Qe7 18. Nf5 Qf8 19. Nxd6+ Qxd6 20.
Bf4 Qc7 21. Rhe1 f6 22. Bxe5 fxe5 23. Rg1 Qf7 24. Bd3 Qf4 25. Bg6+ Ke7 26. Qf2 Rc7 27. Qb6 Rhc8 28. Rge1 Rc6 29.
Qa7+ R8c7 30. Qb8 Rc8 31. Qa7+ R8c7 32. Qb8 Rc8 33. Qa7+ R8c7 1/2-1/2

[Event "NJSK 2023 Jeugd C"]
[Site "Almelo, Netherlands"]
[Date "2023.05.04"]
[Round "7.3"]
[White "Wink, Luka"]
[Black "Krylov, Philippe"]
[Result "1/2-1/2"]
[TimeControl "90min/40moves + 30min + 30sec/move"]
[WhiteElo "1849"]
[BlackElo "1858"]

1. e4 c6 2. d4 d5 3. e5 Bf5 4. h4 h5 5. Bd3 Bxd3 6. Qxd3 Qa5+ 7. Nd2 e6 8. Ngf3 Qa6 9. c4 Ne7 10.
b3 Nf5 11. O-O Be7 12. a4 Qa5 13. Ba3 Bxa3 14. Rxa3 Na6 15. b4 Nxb4 16. Qc3 c5 17. cxd5 cxd4 18. Nxd4 Nxd4 19. Qxd4 Nc2 20.
Nc4 Nxd4 21. Nxa5 b6 22. Nb7 Nf5 23. Rd1 1/2-1/2

[Event "NJSK 2023 Jeugd C"]
[Site "Almelo, Netherlands"]
[Date "2023.05.04"]
[Round "7.4"]
[White "Roolvink, William"]
[Black "Zecha, Oscar"]
[Result "1/2-1/2"]
[TimeControl "90min/40moves + 30min + 30sec/move"]
[WhiteElo "1852"]
[BlackElo "1879"]

1. e4 e5 2. Nf3 Nc6 3. Bb5 Nf6 4. O-O Nxe4 5. Re1 Nd6 6. Nxe5 Be7 7. Bf1 Nf5 8. Nf3 O-O 9. d4 d5 10. c3 Nh4 11. Nxh4 Bxh4 12.
Bd3 g6 13. Nd2 Re8 14. Rxe8+ Qxe8 15. Nf1 Be6 16. Bd2 Qd7 17.
Qc2 Ne7 18. Ne3 b6 19. g3 Bf6 20. Ng2 c5 21. dxc5 bxc5 22. Nf4 c4 23. Bf1 Bf5 24. Qd1 Rb8 25. b3 Nc6 26. bxc4 dxc4 27.
Bxc4 Rd8 28. Nd5 Be7 29. Qe1 Re8 30. Nxe7+ Rxe7 31. Be3 Ne5 32.
Be2 Qc6 33. Qf1 Qc8 34. f4 Qxc3 35. Bf2 Ng4 36. Rd1 Ne3 37. Rd8+ Kg7 38. Qe1 Qb2 39. Bf3 Ng4 40. Qf1 Nxf2 41. Qxf2 Qa1+ 42. Rd1 Qf6 43.
Qd4 Re1+ 44. Kf2 Rxd1 1/2-1/2

[Event "NJSK 2023 Jeugd C"]
[Site "Almelo, Netherlands"]
[Date "2023.05.04"]
[Round "7.5"]
[White "Zhu, Chenwu"]
[Black "Van Batenburg, Mees"]
[Result "1/2-1/2"]
[TimeControl "90min/40moves + 30min + 30sec/move"]
[WhiteElo "2052"]
[BlackElo "2054"]

1. e4 c5 2. Nf3 Nc6 3. d4 cxd4 4.
Nxd4 e5 5. Nb5 d6 6. N1c3 a6 7. Na3 Be6 8. Nc4 Rb8 9. Nd5 Nf6 10. Bg5 Bxd5 11. Bxf6 gxf6 12. Qxd5 Nb4 13. Qd2 d5 14.
exd5 Qxd5 15. Qxd5 Nxd5 16. O-O-O Rd8 17. Bd3 Kd7 18.
Bxh7 Bh6+ 19. Kb1 Ke6 20. Be4 f5 21. Bxd5+ Rxd5 22. Rxd5 Kxd5 23. b3 b5 24. Nb2 e4 25. c4+ Kd4 26.
Rd1+ Kc3 27. cxb5 axb5 28. Rd5 Bg7 29. h3 f4 30. Nd1+ Kb4 31. Rf5 Bh6 32. Re5 f5 33. Rd5 Re8 34.
Kc2 Rc8+ 35. Kb2 e3 36. fxe3 fxe3 37. a3+ Ka5 38. Rd6 b4 39. axb4+ Kxb4 40. Rxh6 e2 41. Nf2 e1=N 42. Rh4+ Kb5 43.
Rf4 Rc2+ 44. Ka3 Rc5 45. g4 fxg4 46. hxg4 Nc2+ 47. Kb2 Ne3 48. Ne4 Rc2+ 49. Ka3 Rg2 50. Nc3+ Kc6 51. Re4 Nxg4 52.
b4 Rg3 53. Kb3 Nf2 54. Rd4 Rd3 55. Kc4 Rxd4+ 56. Kxd4 Ng4 57. b5+ Kb6 58. Kc4 Ne3+ 59. Kb4 Nc2+ 60. Ka4 Nd4 61. Nd5+ Kc5 62.
Nc3 Nxb5 1/2-1/2

[Event "NJSK 2023 Jeugd C"]
[Site "Almelo, Netherlands"]
[Date "2023.05.04"]
[Round "7.6"]
[White "Katpatal, Akshaj"]
[Black "Aravindhan, Achyuth"]
[Result "1/2-1/2"]
[TimeControl "90min/40moves + 30min + 30sec/move"]
[WhiteElo "1840"]
[BlackElo "1833"]

1. e4 c5 2. Nf3 Nc6 3. d4 cxd4 4.
Nxd4 Nf6 5. Nc3 e5 6.
Nxc6 bxc6 7. Bc4 Bb4 8. Bg5 h6 9. Bxf6 Qxf6 10. O-O O-O 11. Ne2 Rd8 12. f4 Qe7 13. Bb3 d5 14. exd5 cxd5 15.
Kh1 Bb7 16. c3 Bc5 17. fxe5 Qxe5 18. Nd4 Bd6 19. Nf3 Qh5 20. Qd4 Re8 21. Rae1 Re4 22. Rxe4 dxe4 23. Qxd6 exf3 24. gxf3 Bxf3+ 25. Kg1 Re8 26. Qg3 Bd5 27. Bxd5 Qxd5 28. b3 Re6 29. Qf3 Rg6+ 30. Kh1 Qd2 31. Qxf7+ Kh7 32. Rg1 1/2-1/2

[Event "NJSK 2023 Jeugd C"]
[Site "Almelo, Netherlands"]
[Date "2023.05.04"]
[Round "7.7"]
[White "Chua, Ethan"]
[Black "Terlouw, Wouter"]
[Result "0-1"]
[TimeControl "90min/40moves + 30min + 30sec/move"]
[WhiteElo "1776"]
[BlackElo "1923"]

1. e4 c5 2. Nf3 g6 3. d4 cxd4 4. Nxd4 Bg7 5. Nc3 Nc6 6. Be3 Nf6 7. f3 O-O 8. Qd2 d5 9. Nxc6 bxc6 10.
e5 Nd7 11. f4 e6 12. Be2 c5 13. Nb5 Ba6 14. O-O Bb7 15. Bf3 Qb6 16. Nd6 Ba6 17. c4 Rad8 18. cxd5 Bxf1 19. dxe6 fxe6 20.
Rxf1 Nxe5 21. fxe5 Bxe5 22. Nc4 Rxd2 23. Nxb6 Bd4 24. Bxd4 Rxd4 25. Na8 Rd7 26. Rc1 Rc8 27. Rc4 Rd4 28.
Rc2 g5 29. h3 h5 30. Kf2 Kf7 31. Bxh5+ Ke7 32. Bf3 e5 33. Ke3 Kd6 34. Rd2 Rb8 35. b3 Re8 36. Be4 Rf8 37. Bf3 Rff4 38.
Bb7 Kd7 39. g3 Rf1 40. Rc2 Kd6 41. Bg2 Rf8 42. Rc4 Rxc4 43. bxc4 Rb8 44. Bf3 Rb2 45. h4 gxh4 46. gxh4 Rxa2 47.
h5 Rh2 48. Bg4 Rh4 49. Kf3 e4+ 50. Kg3 Rh1 51. Kg2 Rb1 52. Bf5 Rb8 53. Bxe4 a5 54. h6 a4 55. h7 a3 56. Bb1 Rxa8 57.
Kf2 Rh8 58. Ke3 Rxh7 59. Kd2 a2 0-1

[Event "NJSK 2023 Jeugd C"]
[Site "Almelo, Netherlands"]
[Date "2023.05.04"]
[Round "7.8"]
[White "Fallaux, Storm"]
[Black "Kazarjan, Gachatur"]
[Result "1/2-1/2"]
[TimeControl "90min/40moves + 30min + 30sec/move"]
[WhiteElo "1650"]
[BlackElo "1872"]

1. e4 c5 2. Nf3 d6 3. d4 cxd4 4. Nxd4 Nf6 5. Nc3 Bd7 6. f3 h5 7. Be3 a6 8. h3 Nc6 9. Qd2 Rc8 10.
Rh2 h4 11. a3 Ne5 12. O-O-O Nc4 13. Bxc4 Rxc4 14. Bg5 Qa5 15. Nb3 Qd8 16. Bxf6 gxf6 17. Kb1 b5 18. Nd5 Be6 19. Rhh1 Bh6 20.
Qd3 Bxd5 21. exd5 Bf4 22. Rhe1 Rh5 23. Re4 Rxe4 24. Qxe4 Bg3 25. Nd4 Qd7 26. f4 Kf8 27. Qf3 Rh7 28.
Rd2 f5 29. Re2 Rh6 30. Qd3 Rf6 31. Qf3 1/2-1/2

[Event "NJSK 2023 Jeugd C"]
[Site "Almelo, Netherlands"]
[Date "2023.05.04"]
[Round "7.9"]
[White "Thijssen, Freek"]
[Black "Lopes, Samuel"]
[Result "1/2-1/2"]
[TimeControl "90min/40moves + 30min + 30sec/move"]
[WhiteElo "1644"]
[BlackElo "1865"]

1. e4 c5 2. Nf3 d6 3. d4 cxd4 4. Nxd4 Nf6 5. Nc3 Nc6 6. f3 e5 7. Nb3 Be6 8. Be3 d5 9. exd5 Nxd5 10.
Nxd5 Qxd5 11. Qxd5 Bxd5 12. O-O-O O-O-O 13. Bd3 g6 14. Be4 1/2-1/2

[Event "NJSK 2023 Jeugd C"]
[Site "Almelo, Netherlands"]
[Date "2023.05.04"]
[Round "7.10"]
[White "Vijver, Jonathan"]
[Black "Ambrona Navarro, Himar"]
[Result "0-1"]
[TimeControl "90min/40moves + 30min + 30sec/move"]
[WhiteElo "1781"]
[BlackElo "1834"]

1. e4 c6 2. d4 d5 3. Nc3 dxe4 4. Nxe4 Nf6 5. Nxf6+ exf6 6. c3 Bd6 7. Bd3 O-O 8. Ne2 Re8 9. O-O Be6 10. Be3 Nd7 11. Ng3 Qc7 12.
Re1 Rad8 13. Qc2 g6 14. Rad1 c5 15. d5 Bxd5 16. Bxg6 hxg6 17. Rxd5 Nb6 18. Rdd1 Nc4 19. Bc1 Kg7 20.
Rxe8 Rxe8 21. b3 Bxg3 22. hxg3 Ne5 23. Bf4 g5 24. Bxe5 Qxe5 25. Qd3 b6 26. c4 Qe2 27. Qxe2 Rxe2 28.
a4 Rb2 29. Rd3 Kg6 30. g4 f5 31. gxf5+ Kxf5 32. Re3 f6 33. g3 Kg4 34. Kg2 f5 35. Rd3 f4 36. gxf4 gxf4 37. Rc3 Kf5 38.
Rd3 Ke4 39. Rh3 Rd2 40. Rh7 Rd3 41. Re7+ Kd4 42. Rxa7 Rxb3 43. a5 bxa5 44. Rxa5 Kxc4 45. Ra8 Rb4 46. Kf3 Kb3 47. Rc8 c4 48.
Kxf4 c3+ 49. Kf5 c2 50. f4 Rc4 51. Rb8+ Kc3 0-1

[Event "NJSK 2023 Jeugd C"]
[Site "Almelo, Netherlands"]
[Date "2023.05.04"]
[Round "7.11"]
[White "Wortman, Rawi"]
[Black "Ten Kate, Gustav"]
[Result "1-0"]
[TimeControl "90min/40moves + 30min + 30sec/move"]
[WhiteElo "1668"]
[BlackElo "1815"]

1. e4 Nf6 2. e5 Nd5 3. d4 d6 4. Nf3 Bg4 5. Be2 e6 6. O-O Be7 7. exd6 cxd6 8. h3 Bh5 9. c4 Nb6 10. Nc3 d5 11. cxd5 exd5 12. Bf4 O-O 13. Ne5 Bxe2 14. Qxe2 Re8 15. Qh5 g6 16. Qf3 Nc6 17. Nxf7 Qd7 18.
Nh6+ Kg7 19. Ng4 Kg8 20. Ne5 Nxe5 21. Bxe5 Rf8 22. Qe2 Bd6 23. Qb5 Qxb5 24. Nxb5 Bxe5 25. dxe5 Rae8 26. f4 Nc4 27.
Nc7 Re7 28. Nxd5 Rd7 29. Nf6+ Rxf6 30. exf6 Kf7 31. Rad1 Rxd1 32. Rxd1 Nxb2 33. Rd7+ Kxf6 34. Rxb7 Nd3 35. g3 a6 36.
Rxh7 Nc5 37. Rc7 Ne4 38. Rc6+ Kf5 39. g4+ Kxf4 40. Rxg6 Kg3 41. Rxa6 Ng5 42. Rh6 Nf3+ 43. Kf1 Nd4 44. g5 Kf3 45. Rf6+ Kg3 46. g6 Nc2 47. g7 Ne3+ 48. Ke2 Kh2 49.
Kxe3 Kh1 50. g8=Q Kh2 51. Rf2+ Kxh3 52. Rg2 1-0

[Event "NJSK 2023 Jeugd C"]
[Site "Almelo, Netherlands"]
[Date "2023.05.04"]
[Round "7.12"]
[White "Roorda, Cas"]
[Black "Verwer, Oscar"]
[Result "1-0"]
[TimeControl "90min/40moves + 30min + 30sec/move"]
[WhiteElo "1769"]
[BlackElo "1549"]

1. e4 c5 2. Nf3 d6 3. d4 cxd4 4. Nxd4 Nf6 5. Nc3 a6 6.
Bg5 e6 7. f4 h6 8. Bh4 Qb6 9. a3 e5 10. Bxf6 gxf6 11. Nde2 Nc6 12. Nd5 Qd8 13. f5 b5 14. Ng3 Bb7 15.
Nh5 Be7 16. c3 Na5 17. b4 Qc8 18. bxa5 Bxd5 19. Qxd5 Qxc3+ 20. Kf2 Rc8 21. Be2 Qxa5 22. Rhc1 Qb6+ 23. Kf1 Kd7 24. Qxf7 1-0

[Event "NJSK 2023 Jeugd C"]
[Site "Almelo, Netherlands"]
[Date "2023.05.04"]
[Round "7.13"]
[White "Klein Tuente, Sam"]
[Black "Rooijakkers, Liam"]
[Result "1-0"]
[TimeControl "90min/40moves + 30min + 30sec/move"]
[WhiteElo "1478"]
[BlackElo "1322"]

1. e4 d6 2. d4 Nf6 3. Nc3 Nbd7 4. Be3 e5 5. Nf3 h6 6. Bc4 c6 7. dxe5 dxe5 8. a3 Qc7 9. h3 Be7 10.
Qd2 a6 11. Rd1 Nf8 12. g4 b5 13. Bb3 Bd7 14. g5 Ng8 15. Nd5 cxd5 16. Qxd5 Qb8 17. Qxf7+ Kd8 18. Qxg7 Rh7 19. Qxg8 1-0

[Event "NJSK 2023 Jeugd C"]
[Site "Almelo, Netherlands"]
[Date "2023.05.04"]
[Round "7.14"]
[White "De Wit, Evan"]
[Black "Etienne, Ghilon"]
[Result "1/2-1/2"]
[TimeControl "90min/40moves + 30min + 30sec/move"]
[WhiteElo "1563"]
[BlackElo "1673"]

1. e4 e5 2. Nf3 Nc6 3.
Bb5 g6 4. c3 Bg7 5. O-O a6 6. Ba4 Nge7 7. d4 O-O 8.
Bb3 d6 9. h3 Kh8 10. Be3 h6 11. Ne1 f5 12. Bc2 f4 13. d5 fxe3 14. dxc6 exf2+ 15. Rxf2 Rxf2 16. Kxf2 Nxc6 17. Nf3 Qf6 18.
Kg1 Be6 19. Nbd2 Rf8 20. Qe2 g5 21. Rf1 Qg6 22. Nh2 h5 23. g4 Rxf1+ 24. Ndxf1 Qf7 25. b3 Ne7 26. Ne3 h4 27. Nf3 Bf6 28.
Nf5 Kh7 29. Qe3 Bxf5 30. exf5 Qg8 31. c4 Nc6 32. Be4 Qd8 1/2-1/2

[Event "NJSK 2023 Jeugd C"]
[Site "Almelo, Netherlands"]
[Date "2023.05.04"]
[Round "7.15"]
[White "Zootjes, Aäron"]
[Black "Frederiks, Jesse"]
[Result "0-1"]
[TimeControl "90min/40moves + 30min + 30sec/move"]
[WhiteElo "1172"]
[BlackElo "1510"]

1. e4 e6 2. d4 d5 3. exd5 exd5 4.
Qe2+ Be7 5. Nf3 Nf6 6. Nc3 O-O 7. Bg5 c6 8. O-O-O a5 9. Re1 Be6 10. h4 Nbd7 11. Nh2 b5 12.
g4 a4 13. a3 b4 14. Nb1 bxa3 15. Nxa3 Qb6 16. Qd3 Rab8 17. Qc3 Bb4 0-1